 Dungeon Crawl Stone Soup version 0.26-b1-32-g5d43845318 (webtiles) character file.

Game seed: 8165213158331327705

27617 sizableburger the Fighter (level 13, -6/140 HPs)
             Began as an Ogre Ice Elementalist on Jan 5, 2021.
             Was an Elder of Kikubaaqudgha.
             Mangled by an eight-headed hydra (14 damage)
             ... on level 5 of the Lair of Beasts.
             The game lasted 02:05:37 (32160 turns).

sizableburger the Fighter (Ogre Ice Elementalist)  Turns: 32160, Time: 02:05:37

Health: -6/140     AC:  4    Str: 15    XL:     13   Next: 33%
Magic:  13/26      EV: 16    Int: 20    God:    Kikubaaqudgha [****..]
Gold:   1166       SH:  0    Dex:  9    Spells: 7/30 levels left

rFire    + . .     SeeInvis .   (no weapon)
rCold    + . .     Faith    .   (no shield)
rNeg     . . .     Spirit   .   a - +1 robe
rPois    +         Reflect  .   (helmet restricted)
rElec    .         Harm     .   H - scarf {rC+ rF+}
rCorr    .         Rampage  .   (gloves unavailable)
Will     +....                  (boots unavailable)
Stlth    +.........             J - amulet of the acrobat
HPRegen  0.33/turn              j - +4 ring of evasion
MPRegen  0.20/turn              k - ring of poison resistance

@: frozen ramparts
A: large, unfitting armour, tough skin 1
a: Renounce Religion, Receive Corpses


You were on level 5 of the Lair of Beasts.
You worshipped Kikubaaqudgha.
Kikubaaqudgha was greatly pleased with you.
You visited 2 branches of the dungeon, and saw 15 of its levels.
You also visited: Ossuary, Bailey and Ice Cave.

You collected 1166 gold pieces.

Inventory:

Armour
 a - a +1 robe (worn)
 g - a +0 kite shield
 z - a +2 cloak
 H - a scarf of resistance (worn)
Magical Staves
 E - an uncursed staff of poison
Jewellery
 d - an uncursed ring of flight
 j - a +4 ring of evasion (left hand)
 k - a ring of poison resistance (right hand)
 J - an amulet of the acrobat (around neck)
Wands
 n - a wand of iceblast (8)
 s - a wand of digging (6)
 v - a wand of random effects (36)
 x - a wand of disintegration (25)
 y - a wand of enslavement (9)
 B - a wand of flame (12)
 F - a wand of polymorph (10)
Scrolls
 m - 2 scrolls of summoning
 p - 2 scrolls of silence
 u - a scroll of amnesia
 w - 2 scrolls of fear
 A - a scroll of teleportation
 C - 2 scrolls of enchant weapon
 G - 6 scrolls of identify
Potions
 b - 3 potions of haste
 c - 3 potions of might
 e - 6 potions of curing
 h - 3 potions of resistance
 i - a potion of flight
 l - a potion of magic
 o - 3 potions of attraction
 q - 2 potions of ambrosia
 r - a potion of lignification
 t - 4 potions of brilliance
 D - a potion of mutation
 I - a potion of berserk rage
 L - a potion of cancellation


   Skills:
 - Level 12.0 Fighting
 + Level 5.8 Dodging
 - Level 1.4 Stealth
 + Level 9.2 Spellcasting
 - Level 5.0 Conjurations
 - Level 6.0 Summonings
 + Level 9.2 Necromancy
 - Level 3.0 Translocations
 + Level 10.9 Ice Magic


You had 7 spell levels left.
You knew the following spells:

 Your Spells              Type           Power        Failure   Level
a - Freeze                Ice            100%         1%          1
b - Frozen Ramparts       Ice            100%         1%          3
c - Ozocubu's Armour      Ice            52%          1%          3
d - Summon Ice Beast      Ice/Summ       43%          2%          4
e - Sublimation of Blood  Necr           23%          1%          2
f - Hailstorm             Conj/Ice       41%          2%          4
g - Blink                 Tloc           N/A          3%          2
h - Animate Dead          Necr           23%          1%          4

Your spell library contained the following spells:

 Spells                   Type           Power        Failure   Level
 Pain                     Necr           100%         1%          1
 Corpse Rot               Necr/Air       N/A          1%          2
 Vampiric Draining        Necr           23%          1%          3
 Dispel Undead            Necr           46%          1%          4
 Gell's Gravitas          Tloc           10%          7%          3
 Lesser Beckoning         Tloc           10%          7%          3
 Teleport Other           Tloc           21%          7%          3
 Corona                   Hex            10%          8%          1
 Slow                     Hex            9%           12%         2
 Portal Projectile        Hex/Tloc       30%          12%         3
 Simulacrum               Ice/Necr       24%          19%         6
 Confusing Touch          Hex            9%           22%         3
 Inner Flame              Hex/Fire       9%           22%         3
 Passage of Golubria      Tloc           N/A          22%         4
 Metabolic Englaciation   Hex/Ice        15%          22%         5
 Death Channel            Necr           23%          26%         6
 Borgnjor's Vile Clutch   Necr/Erth      13%          30%         5
 Cause Fear               Hex            4%           58%         4
 Leda's Liquefaction      Hex/Erth       4%           58%         4
 Petrify                  Tmut/Erth      9%           58%         4
 Yara's Violent Unravell  Hex/Tmut       4%           91%         5


Dungeon Overview and Level Annotations

Branches:
Dungeon (10/15)            Temple (0/1) D:6            Lair (5/6) D:10
 Shoals (0/4) Lair:3       Spider (0/4) Lair:4        Slime (0/5) Lair:5
Ossuary (visited)          Bailey (visited)           IceCv (visited)
    Orc: D:9-12

Altars:
Dithmenos
Fedhas
Gozag
Kikubaaqudgha
Makhleb
Nemelex Xobeh
Okawaru
Qazlal
Wu Jian
Xom
Yredelemnul
Zin
The Shining One

Shops:
D:7 :   D:10 }

Annotations:
D:9 1 runed translucent door
Lair:1 exclusion: 2 oklob plants


Innate Abilities, Weirdness & Mutations

You are too large for most types of armour.
You have tough skin. (AC +1)


Message History

A chill wind blows around you.
The wall freezes the eight-headed hydra.
Casting: Summon Ice Beast (mildly dangerous; 2% risk of failure)
Confirm with . or Enter, or press ? or * to list all spells.
You blink.
The wall freezes the eight-headed hydra.
The eight-headed hydra seems to slow down.
The eight-headed hydra bites you!
* * * LOW HITPOINT WARNING * * *
The eight-headed hydra bites you.
* * * LOW HITPOINT WARNING * * *
The eight-headed hydra barely misses you.
The eight-headed hydra bites you!
* * * LOW HITPOINT WARNING * * *
The eight-headed hydra barely misses you.
The eight-headed hydra misses you.
The eight-headed hydra closely misses you.
The eight-headed hydra bites you!
You die...
Kikubaaqudgha rasps: "You have failed me!
Welcome... death!"

.....<.........................##
.................................
.................................
.....<...........................
......(.......Y..................
...............YY#.#.............
..####P..†....P§.##..............
..P ##......##D.##.......PPP..P.
#######......#P.@##........PP#..P
##...##..........###...........P.
.....#.#..........##.......P.....
..P..###...........#...........P.
.##.#..#....#..####........P.....
..##.#......#.######.......###...
Y...............##.#.............
.................................
.................................


You could see an eight-headed hydra (slow) and 3 friendly ice beasts.

Vanquished Creatures
  3 hydras
  A two-headed ogre (D:10)
  Sonja (Lair:1)
  An unseen horror (D:10)
  A wolf spider (Lair:4)
  5 elephants
  An ice statue (IceCv)
  4 black mambas
  6 cane toads
  A centaur skeleton (D:10)
  7 komodo dragons
  2 trolls (D:9)
  A jumping spider (Lair:4)
  A polar bear (Lair:4)
  Prince Ribbit (D:9)
  13 dream sheep
  7 yaks
  2 basilisks
  2 wargs (D:10)
  A soldier ant (D:9)
  6 water moccasins
  A sky beast (D:10)
  2 ice beasts
  An orc warrior (D:10)
  2 black bears
  3 ogres
  10 wolves
  2 centaurs (D:10)
  A gnoll sergeant (D:3)
  26 bullfrogs
  A water moccasin zombie (D:8)
  A scorpion (D:9)
  2 vampire bats (D:4)
  2 howler monkeys
  2 electric eels
  A quasit (D:10)
  3 hounds
  3 jellies
  2 gnoll shamans (D:3)
  4 orc priests
  6 orc wizards
  2 iguanas
  5 hell rats (Lair:1)
  15 worker ants
  A worker ant zombie (D:6)
  36 gnolls (D:3)
  11 adders
  A howler monkey skeleton (D:9)
  A white imp (D:7)
  An adder skeleton (D:4)
  2 worms
  5 dart slugs
  9 leopard geckos
  32 orcs
  2 ball pythons
  4 bats
  2 bat skeletons (D:4)
  2 bat zombies (D:4)
  11 giant cockroaches
  14 goblins
  13 hobgoblins
  22 jackals
  4 kobolds
  10 quokkas
  3 frilled lizards
  A goblin zombie (Ossuary)
  3 hobgoblin zombies
  A jackal zombie (Ossuary)
  2 kobold zombies
  9 rats
  6 butterflies
372 creatures vanquished.

Vanquished Creatures (collateral kills)
  A hydra (Lair:4)
  A two-headed ogre (D:9)
  A death yak (Lair:4)
  An ugly thing (IceCv)
  3 elephants
  A black mamba (Lair:3)
  A cane toad (Lair:5)
  A rime drake (Lair:4)
  A komodo dragon (Lair:5)
  5 dream sheep (Lair:5)
  A wyvern (Lair:5)
  11 yaks
  A wraith (D:10)
  2 water moccasins
  A sky beast (D:9)
  9 ice beasts
  A hornet zombie (D:10)
  An eye of draining (D:8)
  A necrophage (D:10)
  A bullfrog (Lair:5)
  2 centaur zombies
  2 bullfrog zombies (D:5)
  A killer bee zombie (D:5)
  3 big kobold zombies (Ossuary)
  3 mummies
  A worker ant zombie (D:5)
  A white imp (D:7)
  2 goblin zombies (Ossuary)
  7 hobgoblin zombies (Ossuary)
  3 jackal zombies (Ossuary)
  9 kobold zombies (Ossuary)
  6 orc zombies (Ossuary)
  A rat (D:4)
  A rat zombie (Ossuary)
87 creatures vanquished.

Vanquished Creatures (others)
  12 fungi
  43 plants
55 creatures vanquished.

Grand Total: 514 creatures vanquished

Notes
Turn   | Place    | Note
-------+----------+-------------------------------------------
     0 | D:1      | sizableburger the Ogre Ice Elementalist began the quest for
                  | the Orb.
     0 | D:1      | Reached XP level 1. HP: 16/16 MP: 3/3
     3 | D:1      | Noticed an electric eel
     3 | D:1      | Noticed an electric eel
   173 | D:1      | Reached skill level 1 in Fighting
   173 | D:1      | Reached XP level 2. HP: 11/27 MP: 0/5
   654 | D:1      | Reached XP level 3. HP: 35/35 MP: 5/7
   658 | D:1      | Learned a level 3 spell: Frozen Ramparts
   662 | D:1      | Learned a level 3 spell: Ozocubu's Armour
   993 | D:1      | Reached skill level 2 in Fighting
  1920 | D:2      | Found a glowing golden altar of the Shining One.
  1994 | D:2      | Reached XP level 4. HP: 44/44 MP: 6/9
  2128 | D:2      | Found an opulent altar of Gozag.
  2552 | D:3      | Found a basalt altar of Yredelemnul.
  2558 | D:3      | Found a sparkling altar of Nemelex Xobeh.
  2582 | D:3      | Found an ornate altar of the Wu Jian Council.
  2810 | D:3      | Reached skill level 3 in Fighting
  2893 | D:3      | Reached XP level 5. HP: 53/53 MP: 6/10
  3279 | D:3      | Reached skill level 4 in Fighting
  3279 | D:3      | Reached XP level 6. HP: 56/62 MP: 6/12
  3323 | D:3      | Learned a level 4 spell: Summon Ice Beast
  3621 | D:3      | Reached skill level 1 in Summonings
  3621 | D:3      | Reached skill level 5 in Ice Magic
  3698 | D:3      | Reached XP level 7. HP: 60/71 MP: 2/14
  3962 | D:3      | Reached skill level 5 in Spellcasting
  3963 | D:3      | Reached skill level 5 in Fighting
  6505 | D:4      | Found an ancient bone altar of Kikubaaqudgha.
  6511 | D:4      | Reached XP level 8. HP: 76/80 MP: 9/16
  6615 | D:5      | Entered Level 5 of the Dungeon
  6758 | D:4      | Became a worshipper of Kikubaaqudgha
  8172 | D:5      | Reached skill level 1 in Necromancy
  8583 | D:6      | Found a staircase to the Ecumenical Temple.
  9125 | D:6      | Found a shimmering altar of Xom.
  9826 | D:6      | Found a glowing silver altar of Zin.
  9863 | D:6      | Reached XP level 9. HP: 85/88 MP: 12/18
 10330 | D:7      | Found a flagged portal.
 10392 | Bailey   | Entered a bailey
 10392 | Bailey   | Noticed an orc knight
 10744 | D:7      | Found a sand-covered staircase.
 10821 | Ossuary  | Entered an ossuary
 10842 | Ossuary  | Reached * piety under Kikubaaqudgha
 10842 | Ossuary  | Identified Kikubaaqudgha's Disquisition on Evil Rites
                  | (Kikubaaqudgha gifted it to you in an ossuary)
 10842 | Ossuary  | Received a gift from Kikubaaqudgha
 10848 | Ossuary  | Learned a level 2 spell: Sublimation of Blood
 11254 | Ossuary  | Reached ** piety under Kikubaaqudgha
 12372 | D:7      | Found Kocuorry's Book Shoppe.
 13283 | D:8      | Found a blossoming altar of Fedhas.
 13551 | D:8      | Found an iron altar of Okawaru.
 13642 | D:8      | Reached skill level 6 in Fighting
 13715 | D:8      | Found a stormy altar of Qazlal.
 14316 | D:9      | Noticed a two-headed ogre
 14337 | D:9      | Killed a two-headed ogre
 14338 | D:9      | Reached skill level 5 in Summonings
 14447 | D:9      | Reached skill level 7 in Fighting
 14488 | D:9      | Found a burning altar of Makhleb.
 14493 | D:9      | Noticed a troll
 14520 | D:9      | Noticed Prince Ribbit
 14521 | D:9      | Found a shadowy altar of Dithmenos.
 14537 | D:9      | Killed a troll
 14538 | D:9      | Reached XP level 10. HP: 60/102 MP: 3/19
 14547 | D:9      | Killed Prince Ribbit
 14730 | D:9      | Learned a level 4 spell: Hailstorm
 15006 | D:9      | Reached skill level 8 in Fighting
 15140 | D:9      | Found a runed translucent door.
 15145 | D:9      | Found a runed translucent door.
 15156 | D:9      | Reached *** piety under Kikubaaqudgha
 15156 | D:9      | Identified Kikubaaqudgha's Tome of Sinister Rituals
                  | (Kikubaaqudgha gifted it to you on level 9 of the Dungeon)
 15156 | D:9      | Received a gift from Kikubaaqudgha
 15202 | D:9      | Reached skill level 1 in Conjurations
 15491 | D:10     | Entered Level 10 of the Dungeon
 16055 | D:10     | Found a shadowy altar of Dithmenos.
 16356 | D:10     | Killed an unseen horror
 16357 | D:10     | Reached skill level 5 in Necromancy
 16656 | D:10     | Noticed an eight-headed hydra
 16673 | D:10     | Killed an eight-headed hydra
 16674 | D:10     | Reached skill level 9 in Fighting
 17027 | D:10     | Noticed a two-headed ogre
 17041 | D:10     | Killed a two-headed ogre
 17042 | D:10     | Reached XP level 11. HP: 67/115 MP: 2/20
 17794 | D:10     | Found a staircase to the Lair.
 18128 | D:10     | Found Nuikivie's Gadget Emporium.
 18259 | Lair:1   | Entered Level 1 of the Lair of Beasts
 18568 | Lair:1   | Reached skill level 10 in Fighting
 18568 | Lair:1   | Reached **** piety under Kikubaaqudgha
 19314 | Lair:1   | Noticed an oklob plant
 19325 | Lair:1   | Noticed an oklob plant
 19582 | Lair:1   | Noticed Sonja
 20238 | Lair:1   | Learned a level 2 spell: Blink
 20624 | Lair:1   | Killed Sonja
 20625 | Lair:1   | Reached skill level 5 in Conjurations
 20838 | Lair:2   | Reached skill level 1 in Translocations
 21211 | Lair:2   | Reached skill level 11 in Fighting
 21991 | Lair:2   | Reached XP level 12. HP: 121/130 MP: 10/21
 22784 | Lair:3   | Found a staircase to the Shoals.
 22802 | Lair:3   | Found a frozen archway.
 22811 | IceCv    | Entered an ice cave
 26512 | Lair:3   | Noticed an eight-headed hydra
 26541 | Lair:3   | Killed an eight-headed hydra
 27621 | Lair:4   | Reached skill level 10 in Ice Magic
 28341 | Lair:4   | Learned a level 4 spell: Animate Dead
 28425 | Lair:4   | Reached skill level 12 in Fighting
 28678 | Lair:4   | Noticed a five-headed hydra
 28691 | Lair:4   | Killed a five-headed hydra
 29012 | Lair:4   | Noticed a death yak
 29546 | Lair:4   | Found a hole to the Spider Nest.
 29582 | Lair:4   | Reached skill level 5 in Dodging
 29582 | Lair:4   | Reached XP level 13. HP: 46/140 MP: 8/25
 31111 | Lair:5   | Found a staircase to the Slime Pits.
 32160 | Lair:5   | Mangled by an eight-headed hydra

Illustrated notes

Levels and vault maps discovered:
D:1:      arrival_aquarium_b, layout_loops_ring, minmay_pentomino_z2
D:2:      layout_basic, lemuel_coloured_pillars_altar, old_standard_altar
D:3:      lemuel_castle_with_subvaults [lemuel_castle_interior_carwin_1],
          layout_loops_ring, nemelex_xobeh_ov_fountains_minmay,
          overflow_temple_1_default, yredelemnul_altar_generic
D:4:      cheibrodos_greedy_goblins, layout_rooms, kennysheep_vampire_church,
          portal_sewer_entry_b, amcnicky_mini_pool_small
D:5:      layout_loops_ring
D:6:      layout_basic, nicolae_overflow_crystal_walls, xom_butterflies,
          temple_doors_e
D:7:      layout_basic, enter_bailey_6, nicolae_ossuary_entry_giza,
          serial_shops, kennysheep_mini
D:8:      layout_loops_corners, lemuel_crystal_altar, lemuel_round_altar,
          old_standard_altar
D:9:      lemuel_insect_pit, layout_rooms, old_standard_altar,
          nicolae_dithmenos_shadow_blocks, uniq_prince_ribbit1
D:10:     layout_long_grid, erik_lair_orcish_takeover, basic_altar,
          serial_shops, shop, kennysheep_generic_room_2
Lair:1:   layout_loops_ring, serial_bayou_shore_a, minmay_lair_oklob_chamber,
          grunt_megastairs_3, lemuel_fruit_fields, uniq_sonja
Lair:2:   layout_cave_pods
Lair:3:   layout_hall_layers, elwin_shoals_entry_rocks,
          portal_ice_cave_entry_pillars_1, infiniplex_staircase_pool,
          grunt_megastairs_4
Lair:4:   layout_small_grid, spider_nest_entry_funnel_web, beast_lair_carwin_1
Lair:5:   layout_regular_city, dpeg_slime_entry_corner, beast_lair_carwin_8,
          grunt_megastairs_2

Skill      XL: |  1  2  3  4  5  6  7  8  9 10 11 12 13 |
---------------+----------------------------------------+-----
Fighting       | 1 2 3 4 5 7 9 11 12 | 12.0
Spellcasting   | 3 4 5 6 8 9 |  9.2
Ice Magic      | 4 5 6 7 8 9 10 | 10.9
Summonings     | 1 2 4 5 6 |  6.0
Dodging        | 2 4 5 |  5.8
Necromancy     | 2 4 5 7 8 9 |  9.2
Conjurations   | 3 5 |  5.0
Translocations | 2 3 |  3.0
Stealth        | |  1.4

Action                   |  1- 3 |  4- 6 |  7- 9 | 10-12 | 13-15 || total
-------------------------+-------+-------+-------+-------+-------++-------
Melee: Unarmed           |     8 |     7 |   418 |   198 |     1 ||   632
       Staff             |       |       |       |    15 |       ||    15
 Cast: Freeze            |    61 |    60 |   167 |   194 |    19 ||   501
       Frozen Ramparts   |       |    16 |    50 |    68 |    12 ||   146
       Ozocubu's Armour  |       |     1 |    16 |    39 |     2 ||    58
       Summon Ice Beast  |       |       |    40 |    99 |    18 ||   157
       Sublimation of Bl |       |       |     2 |    11 |       ||    13
       Hailstorm         |       |       |       |     5 |       ||     5
       Animate Dead      |       |       |       |     7 |     5 ||    12
       Blink             |       |       |       |     6 |    10 ||    16
Evoke: Wand              |       |       |       |    20 |       ||    20
  Use: Scroll            |       |     9 |    15 |    12 |     2 ||    38
       Potion            |       |       |       |     2 |     3 ||     5
 Stab: Distracted        |       |       |     1 |     1 |       ||     2
Armor: Robe              |    14 |     8 |   169 |   179 |     9 ||   379
Dodge: Dodged            |    33 |    49 |   570 |   680 |    97 ||  1429
